 Dungeon Crawl Stone Soup version 0.19.1-1-g22dce08 (console) character file.

174420 Kloppie the Executioner (level 17, -3/237 HPs)
             Began as a White Draconian Berserker on Jan 15, 2017.
             Was a High Priest of Trog.
             Slain by an emperor scorpion (9 damage)
             ... on level 4 of the Spider Nest.
             The game lasted 00:48:02 (32084 turns).

Kloppie the Executioner (DrBe)                     Turns: 32084, Time: 00:48:02

Health: -3/237     AC: 15    Str: 26      XL:     17   Next: 45%
Magic:  3/18       EV: 24    Int:  7 (9)  God:    Trog [*****.]
Gold:   2831       SH:  5    Dex: 26 (28) Spells: 0 memorised, 16 levels left

rFire  . . .     SeeInvis .     a - +9 battleaxe (freeze)
rCold  . . .     Gourm    .     (armour unavailable)
rNeg   . . .     Faith    .     (shield currently unavailable)
rPois  .         Spirit   .     (helmet restricted)
rElec  .         Reflect  +     W - +2 cloak {MR+}
rCorr  +         Harm     .     O - +2 pair of gloves {Dex+3}
MR     +++..                    (no boots)
Stlth  ..........               R - +5 amulet of reflection
                                T - ring "Qosiluq" {+Fly rC- Dex+6 Slay+5}
                                h - ring of resist corrosion

@: berserking, lethally poisoned (-3 -> -27), starving, very quick
A: breathe frost, unfitting armour, horns 2, talons 1, agile 1, cold resistance
1, deterioration 1, high mp 1, magic resistance 1, mutation resistance 1, strong
1, cold-blooded, AC +9
a: Breathe Frost, Berserk, Trog's Hand, Brothers in Arms, Burn Spellbooks,
Renounce Religion, Evoke Flight


You were on level 4 of the Spider Nest.
You worshipped Trog.
Trog was extremely pleased with you.
You were starving.

You visited 4 branches of the dungeon, and saw 27 of its levels.
You also visited: Ice Cave.

You collected 3015 gold pieces.
You spent 184 gold pieces at shops.

Inventory:

Hand Weapons
 a - a +9 battleaxe of freezing (weapon)
 b - a +2 broad axe of flaming
 o - a +9 executioner's axe of electrocution
 E - the +7 executioner's axe "Worm's Wrath" {drain, *Noise rPois Str+4}
   (You acquired it on level 2 of the Lair of Beasts)

   A truly terrible weapon, it drains the life of those it strikes.
   It affects your strength (+4).
   It protects you from poison.
   It may make noises in combat.
 M - a +3 antimagic executioner's axe
 P - the +0 war axe "Zewe" {speed, rPois MR++ Str-5 Int+2}
   (Trog gifted it to you on level 4 of the Spider Nest)

   Attacks with this weapon are significantly faster.
   It affects your strength (-5).
   It affects your intelligence (+2).
   It protects you from poison.
   It affects your resistance to hostile enchantments.
Armour
 O - a +2 pair of gloves of dexterity (worn)
 W - a +2 cloak of magic resistance (worn)
Jewellery
 e - an uncursed ring of protection from fire
 h - a ring of resist corrosion (left hand)
 j - an uncursed ring of protection from cold
 R - a +5 amulet of reflection (around neck)
 T - the ring "Qosiluq" (right hand) {+Fly rC- Dex+6 Slay+5}
   (You found it on level 4 of the Lair of Beasts)

   [ring of flight]

   It affects your dexterity (+6).
   It affects your accuracy and damage with ranged weapons and melee attacks
   (+5).
   It makes you vulnerable to cold.
   It lets you fly.
Wands
 p - a wand of iceblast (3/15)
 u - a wand of disintegration (3/24)
 G - a wand of paralysis (14/24)
 I - a wand of disintegration (10/24)
 N - a wand of digging (8/24)
Scrolls
 c - 4 scrolls of recharging
 d - 5 scrolls of identify
 f - 6 scrolls of blinking
 g - 2 scrolls of enchant weapon
 k - 6 scrolls of remove curse
 m - a scroll of summoning
 n - 3 scrolls of noise
 r - 8 scrolls of teleportation
 s - 5 scrolls of magic mapping
 v - 2 scrolls of silence
 C - 2 scrolls of enchant armour
 H - 3 scrolls of fear
 J - 2 scrolls of fog
Potions
 i - a potion of agility
 l - 3 potions of flight
 t - 2 potions of haste
 z - 4 potions of cancellation
 A - 10 potions of curing
 B - 4 potions of heal wounds
 D - 4 potions of might
 F - 2 potions of resistance
 Q - a potion of magic
 S - 2 potions of berserk rage
 U - 3 potions of brilliance
Books
 y - a book of Callings

   Spells                             Type                      Level
   a - Summon Small Mammal            Summoning                    1
   b - Call Imp                       Summoning                    2
   c - Call Canine Familiar           Summoning                    3
   d - Summon Guardian Golem          Hexes/Summoning              3
   e - Summon Lightning Spire         Summoning/Air                4
   f - Summon Ice Beast               Ice/Summoning                4
   Trog disapproves of the use of such an item.
 V - a book of Ice

   Spells                             Type                      Level
   a - Ice Form                       Ice/Transmutation            4
   b - Metabolic Englaciation         Hexes/Ice                    5
   c - Ozocubu's Refrigeration        Ice                          6
   d - Bolt of Cold                   Conjuration/Ice              6
   e - Freezing Cloud                 Conjuration/Ice/Air          6
   f - Simulacrum                     Ice/Necromancy               6
   Trog disapproves of the use of such an item.
Comestibles
 q - 2 slices of pizza
 w - 13 bread rations
 x - 11 beef jerkies
 L - 10 fruits


   Skills:
 - Level 16.2 Fighting
 + Level 21.8 Axes
 - Level 11.8 Dodging
 - Level 7.8 Stealth
   Level 5.7 Shields


You had 16 spell levels left.
You didn't know any spells.

Dungeon Overview and Level Annotations

Branches:
Dungeon (15/15)            Temple (0/1) D:6            Lair (6/6) D:11
 Shoals (0/4) Lair:3       Spider (4/4) Lair:2        Slime (0/5) Lair:6
    Orc (2/2) D:10            Elf (0/3) Orc:2        Vaults (0/5) D:14
 Depths (0/5) D:15

Altars:
Ashenzari
Elyvilon
Gozag
Okawaru
Qazlal
Ru
Uskayaw
Xom
Zin
Beogh

Shops:
D:7 *   D:13 (   Orc:2 *[*!

Annotations:
D:15 exclusion: Roxanne, Roxanne


Innate Abilities, Weirdness & Mutations

You can breathe waves of freezing cold.
You can buffet flying creatures when you breathe cold.
Your icy white scales are hard. (AC +9)
You cannot fit into any form of body armour.
Your flesh is cold resistant. (rC+)
You are cold-blooded and may be slowed by cold attacks.
You have a pair of horns on your head.
You have sharp toenails.
You are agile. (Dex +2)
Your body sometimes deteriorates upon taking damage.
You have an increased reservoir of magic. (+10% MP)
You are resistant to hostile enchantments. (MR+)
You are somewhat resistant to further mutation.
Your muscles are strong. (Str +2)


Message History

You claw the emperor scorpion, but do no damage.
You headbutt the emperor scorpion! You tail-slap the emperor scorpion!
The emperor scorpion is almost dead.
You closely miss the emperor scorpion. You slice the emperor scorpion!!
You freeze the emperor scorpion.
You feel sick. The emperor scorpion stings you!
* * * LOW HITPOINT WARNING * * *
The emperor scorpion barely misses you. The emperor scorpion misses you.
You slice the emperor scorpion!! You freeze the emperor scorpion.
You kill the emperor scorpion!
Trog accepts your kill.
You slash the emperor scorpion! You freeze the emperor scorpion.
You slash the emperor scorpion! You freeze the emperor scorpion.
* * * LOW HITPOINT WARNING * * *
You feel sick.
The emperor scorpion closely misses you.
The emperor scorpion claws you!
* * * LOW HITPOINT WARNING * * *
The emperor scorpion claws you!
You die...

###..≈≈....≈#
#..≈≈####.≈#
#..≈## #..#
#≈.≈# #..#
...≈# ##.##
...## #..#
#..## ##.≈#
#†@# #ss#
##s†# #..s#
#.≈≈.≈††##
#...≈...#
#≈..≈..##
#...≈..
##.#..≈


You could see 2 emperor scorpions and 2 orb spiders.

Vanquished Creatures
  Bai Suzhen (Spider:4)
  Nikola (Spider:4)
  Arachne (Spider:3)
  Asterion (Spider:3)
  Frances (Spider:2)
  Agnes (Spider:3)
  Kirke (Lair:4)
  The ghost of Kloppie the Fencer, a journeyman DrBe of Trog (D:15)
  3 ghost moths
  4 emperor scorpions
  5 entropy weavers
  A dire elephant (Lair:6)
  A spark wasp (Spider:2)
  Nessos (Lair:4)
  Snorg (Orc:1)
  A great orb of eyes (D:14)
  The ghost of Execuda the Cleaver, a journeyman MiBe of Trog (D:13)
  4 vault guards (D:14)
  A rakshasa (D:15)
  7 hydras
  2 catoblepae
  3 centaur warriors
  A deep troll earth mage (D:14)
  A tengu warrior (D:15)
  A death knight (D:14)
  6 death yaks (Lair:6)
  A deep troll shaman (Lair:6)
  An orc high priest (Orc:2)
  Urug (Lair:4)
  3 deep elf knights (D:14)
  An unseen horror (D:15)
  A glowing orange brain (D:15)
  A sea snake (shapeshifter) (D:15)
  The ghost of Rrauwl the Cudgeler, a novice TrBe of Trog (D:6)
  A lindwurm (shapeshifter) (D:13)
  3 deep elf magi
  6 hill giants
  A necromancer (IceCv)
  A wolf spider zombie (D:15)
  6 orc sorcerers
  10 orb spiders
  4 manticores
  2 orc knights
  20 ugly things
  The ghost of cba the Covert, a novice OpAs of Ashenzari (D:8)
  2 oklob plants (Lair:6)
  37 wolf spiders
  3 cyclopes
  2 moths of wrath
  3 ice statues (IceCv)
  A centaur zombie (D:14)
  A guardian serpent (shapeshifter) (D:14)
  13 elephants
  2 black mambas
  2 gargoyles
  2 torpor snails
  10 spiny frogs
  2 rime drakes
  4 kobold demonologists
  8 komodo dragons
  10 ice devils (IceCv)
  10 demonic crawlers
  A yaktaur (D:14)
  A tengu conjurer (D:15)
  A hornet (shapeshifter) (D:15)
  6 trolls
  34 jumping spiders
  2 polar bears (Lair:6)
  3 two-headed ogres
  A meliai zombie (D:14)
  13 slime creatures
  11 hippogriffs
  Sigmund (D:5)
  61 redbacks
  2 vampires
  A shadow (D:12)
  43 tarantellas
  A wyvern (Lair:4)
  4 hogs (Lair:4)
  4 basilisks
  42 yaks
  Grum (D:11)
  4 hungry ghosts
  2 steam dragons
  Edmund (D:5)
  3 mottled dragons
  A warg (Orc:1)
  Duvessa (D:7)
  12 water moccasins
  2 hell hounds
  6 porcupines
  25 orc warriors
  2 black bears
  13 ice beasts
  5 sky beasts
  2 eyes of draining
  2 necrophages
  10 ogres
  2 phantoms
  The ghost of soukkis the Bolt Thrower, an amateur FoHu (D:4)
  4 centaurs
  13 wolves
  11 crocodiles
  7 big kobolds
  17 bullfrogs
  A gnoll sergeant (D:7)
  2 wyvern zombies
  A wyvern skeleton (D:14)
  3 scorpions
  Dowan (D:7)
  18 killer bees
  7 wights
  6 howler monkeys
  An electric eel (Spider:2)
  A lava snake (D:11)
  11 crimson imps
  A quasit (D:10)
  A wyvern simulacrum (D:14)
  3 bullfrog zombies
  A draconian simulacrum (IceCv)
  8 centaur skeletons
  5 jellies
  22 orc priests
  7 hounds
  38 orc wizards
  6 bullfrog skeletons
  6 iguanas
  Ijyb (D:3)
  Natasha (thrice) (D:4)
  2 spriggan simulacra (IceCv)
  2 troll simulacra (IceCv)
  8 worker ants
  A killer bee zombie (D:6)
  2 hound zombies (D:8)
  11 gnolls
  A howler monkey skeleton (D:9)
  A worker ant zombie (D:6)
  10 adders
  3 naga simulacra (IceCv)
  2 ogre simulacra (IceCv)
  3 shadow imps
  An ooze (D:3)
  3 adder skeletons
  2 dart slugs
  5 leopard geckos
  68 orcs
  2 ball pythons
  2 bats (D:3)
  5 giant cockroaches
  6 goblins
  7 hobgoblins
  15 jackals
  37 kobolds
  3 quokkas
  2 frilled lizards
  A jackal skeleton (D:7)
  A leopard gecko zombie (D:6)
  3 rats
  2 fungi
  4 plants
977 creatures vanquished.

Vanquished Creatures (collateral kills)
  An orc sorcerer (Orc:2)
  A demonic crawler (Spider:4)
  A jumping spider (Spider:4)
  A redback (Spider:4)
  An orc warrior (Orc:2)
  An orc wizard (Orc:2)
6 creatures vanquished.

Vanquished Creatures (others)
  5 dream sheep (D:15)
  A vampire (D:15)
  An eye of draining (shapeshifter) (D:15)
  An orc priest (Orc:2)
  An orc (Orc:2)
  2 fungi
  A plant (Lair:1)
12 creatures vanquished.

Grand Total: 995 creatures vanquished

Notes
Turn   | Place    | Note
-------+----------+-------------------------------------------
     0 | D:1      | Kloppie the Draconian Berserker began the quest for the Orb.
     0 | D:1      | Reached XP level 1. HP: 19/19 MP: 1/1
    56 | D:1      | Reached XP level 2. HP: 16/26 MP: 2/2
   793 | D:2      | Found a glowing silver altar of Zin.
   794 | D:2      | Found a sacrificial altar of Ru.
   794 | D:2      | Found a hide-covered altar of Uskayaw.
   795 | D:2      | Found an iron altar of Okawaru.
   808 | D:2      | Reached XP level 3. HP: 25/33 MP: 3/3
  1079 | D:2      | Reached ** piety under Trog
  1453 | D:2      | Gained mutation: You are agile. (Dex +2) [potion of beneficial mutation]
  1487 | D:3      | Reached skill level 4 in Axes
  1647 | D:3      | Noticed Ijyb
  1696 | D:3      | Killed Ijyb
  1696 | D:3      | Reached XP level 4. HP: 35/41 MP: 4/4
  2247 | D:4      | Noticed soukkis's ghost (amateur FoHu)
  2256 | D:4      | Killed soukkis's ghost
  2256 | D:4      | Reached skill level 5 in Fighting
  2256 | D:4      | Reached skill level 5 in Axes
  2256 | D:4      | Reached XP level 5. HP: 48/48 MP: 5/5
  2285 | D:4      | Noticed Natasha
  2292 | D:4      | Killed Natasha
  2344 | D:4      | Noticed Natasha
  2358 | D:4      | Killed Natasha
  2358 | D:4      | Reached XP level 6. HP: 33/56 MP: 6/6
  2544 | D:4      | Noticed Natasha
  2554 | D:4      | Killed Natasha
  2674 | D:4      | Reached skill level 6 in Axes
  2720 | D:4      | Your scales start taking on an icy white colour.
  2720 | D:4      | Reached XP level 7. HP: 27/64 MP: 7/7
  2720 | D:4      | Gained mutation: Your flesh is cold resistant. (rC+) [White Draconian growth]
  3218 | D:5      | Entered Level 5 of the Dungeon
  3417 | D:5      | Reached skill level 7 in Axes
  3567 | D:5      | Reached *** piety under Trog
  3567 | D:5      | Reached skill level 1 in Shields
  3807 | D:5      | Gained mutation: Your flesh is heat resistant. (rF+) [potion of beneficial mutation]
  4188 | D:5      | Found a white marble altar of Elyvilon.
  4271 | D:5      | Noticed Sigmund
  4283 | D:5      | Killed Sigmund
  4283 | D:5      | Reached skill level 8 in Axes
  4283 | D:5      | Reached XP level 8. HP: 71/71 MP: 8/8
  4341 | D:5      | Noticed Edmund
  4495 | D:5      | Killed Edmund
  4587 | D:6      | Noticed Rrauwl's ghost (novice TrBe)
  4601 | D:6      | Killed Rrauwl's ghost
  4601 | D:6      | Reached skill level 9 in Axes
  4601 | D:6      | Reached skill level 5 in Shields
  4907 | D:6      | Reached XP level 9. HP: 63/78 MP: 9/9
  4917 | D:6      | Found a staircase to the Ecumenical Temple.
  5113 | D:6      | Reached skill level 10 in Axes
  5152 | D:6      | Found a sacrificial altar of Ru.
  5441 | D:7      | Found Nogaps's Assorted Antiques.
  5445 | D:7      | Bought a scroll labeled UQETTIMEKK for 24 gold pieces
  5445 | D:7      | Bought a ruby ring for 120 gold pieces
  5584 | D:7      | Found a stormy altar of Qazlal.
  5833 | D:7      | Reached skill level 11 in Axes
  5851 | D:7      | Noticed Dowan
  5855 | D:7      | Noticed Duvessa
  5860 | D:7      | Killed Dowan
  5867 | D:7      | Killed Duvessa
  5975 | D:7      | Reached **** piety under Trog
  6067 | D:7      | Found an opulent altar of Gozag.
  6201 | D:8      | Noticed cba's ghost (novice OpAs)
  6226 | D:8      | Killed cba's ghost
  6226 | D:8      | Reached skill level 12 in Axes
  6226 | D:8      | Reached XP level 10. HP: 84/84 MP: 10/10
  7886 | D:9      | Found a shattered altar of Ashenzari.
  7943 | D:9      | Reached skill level 13 in Axes
  7952 | D:9      | Received a gift from Trog
  8046 | D:9      | You fall through a shaft for 2 floors!
  8054 | D:11     | Found a staircase to the Lair.
  8463 | D:11     | Noticed Grum
  8474 | D:11     | Killed Grum
  8476 | D:11     | Noticed a purple ugly thing
  8489 | D:11     | Killed a purple ugly thing
  8547 | D:11     | Reached ***** piety under Trog
  8547 | D:11     | Reached skill level 14 in Axes
  8608 | D:11     | Noticed a manticore
  8621 | D:11     | Killed a manticore
  8621 | D:11     | Reached XP level 11. HP: 25/94 MP: 11/11
  8629 | D:11     | Noticed a seven-headed hydra
  9169 | D:10     | Entered Level 10 of the Dungeon
  9383 | D:10     | Reached skill level 15 in Axes
  9604 | D:10     | HP: 6/141 [orc warrior/hand axe (9)]
  9623 | D:10     | Received a gift from Trog
  9894 | D:10     | Noticed a hill giant
  9902 | D:10     | Killed a hill giant
 10024 | D:10     | Found a staircase to the Orcish Mines.
 10609 | D:11     | Killed a one-headed hydra
 10612 | D:11     | Reached skill level 16 in Axes
 10718 | D:11     | Noticed a hill giant
 10726 | D:11     | Killed a hill giant
 11030 | Lair:1   | Entered Level 1 of the Lair of Beasts
 11871 | Lair:1   | Reached XP level 12. HP: 74/103 MP: 12/12
 12954 | Lair:2   | Found a hole to the Spider Nest.
 12971 | Lair:2   | Reached skill level 5 in Dodging
 13226 | Lair:2   | Identified a scroll of acquirement
 13396 | Lair:2   | Got an ichor-stained executioner's axe
 13762 | Lair:3   | Received a gift from Trog
 13815 | Lair:3   | Found a staircase to the Shoals.
 13852 | Lair:3   | Noticed a six-headed hydra
 13859 | Lair:3   | Killed a two-headed hydra
 14071 | Lair:3   | Identified the +7 executioner's axe "Worm's Wrath" {drain, *Noise rPois Str+4} (You acquired it on level 2 of the Lair of Beasts)
 14802 | Lair:4   | Noticed Kirke
 14803 | Lair:4   | Noticed a five-headed hydra
 14818 | Lair:4   | Killed a one-headed hydra
 14818 | Lair:4   | Reached XP level 13. HP: 111/111 MP: 13/13
 14820 | Lair:4   | Killed Kirke
 14858 | Lair:4   | Reached skill level 10 in Dodging
 14880 | Lair:4   | Found a frozen archway.
 14916 | IceCv    | Entered an ice cave
 15429 | IceCv    | Got a scorched fustibalus
 15872 | Lair:4   | Reached skill level 10 in Fighting
 15878 | Lair:4   | Got a faintly glowing glass ring
 15880 | Lair:4   | Identified the ring "Qosiluq" {+Fly rC- Dex+6 Slay+5} (You found it on level 4 of the Lair of Beasts)
 15893 | Lair:4   | Noticed Nessos
 15904 | Lair:4   | Killed Nessos
 16184 | Lair:4   | Noticed Urug
 16196 | Lair:4   | Killed Urug
 16265 | Lair:4   | Received a gift from Trog
 16695 | Lair:5   | Reached skill level 17 in Axes
 17413 | D:12     | Lost mutation: You are agile. (Dex +2) [potion of cure mutation]
 17413 | D:12     | Lost mutation: Your flesh is heat resistant. (rF+) [potion of cure mutation]
 17419 | D:12     | Gained mutation: You tend to lose your temper in combat. [potion of mutation]
 17419 | D:12     | Gained mutation: You are clumsy. (Dex -2) [potion of mutation]
 17419 | D:12     | Lost mutation: You are clumsy. (Dex -2) [potion of mutation]
 17587 | D:12     | Received a gift from Trog
 17613 | D:12     | Got an ebony spear {god gift}
 17765 | D:12     | Gained mutation: You have an increased reservoir of magic. (+10% MP) [mutagenic meat]
 17767 | D:12     | Gained mutation: Your muscles are strong. (Str +2) [mutagenic meat]
 17919 | D:12     | Reached XP level 14. HP: 111/124 MP: 15/15
 18696 | D:13     | Gained mutation: Your body sometimes deteriorates upon taking damage. [mutagenic meat]
 18697 | D:13     | Gained mutation: You have a pair of small horns on your head. [mutagenic meat]
 18698 | D:13     | Gained mutation: You are agile. (Dex +2) [mutagenic meat]
 18759 | D:13     | Gained mutation: You are resistant to hostile enchantments. (MR+) [mutagenic meat]
 18761 | D:13     | Gained mutation: You have sharp toenails. [mutagenic meat]
 18841 | D:13     | Noticed Execuda's ghost (journeyman MiBe)
 18860 | D:13     | Killed Execuda's ghost
 19046 | D:13     | Reached skill level 18 in Axes
 19146 | D:13     | Found Bewekk's Antique Weapon Boutique.
 19446 | D:14     | Received a gift from Trog
 19725 | Lair:6   | Entered Level 6 of the Lair of Beasts
 19739 | Lair:6   | Found a staircase to the Slime Pits.
 21052 | Orc:1    | Entered Level 1 of the Orcish Mines
 21088 | Orc:2    | Entered Level 2 of the Orcish Mines
 21313 | Orc:2    | Received a gift from Trog
 21379 | Orc:2    | Reached ****** piety under Trog
 21544 | Orc:2    | Found Tunluod's Assorted Antiques.
 21544 | Orc:2    | Found Juwev's General Store.
 21558 | Orc:2    | Found Eppuolaq's Distillery.
 21565 | Orc:2    | Found Begop's Antique Armour Shoppe.
 21864 | Orc:2    | Found a roughly hewn altar of Beogh.
 21864 | Orc:2    | Found a staircase to the Elven Halls.
 21947 | Orc:2    | Bought a potion of mutation for 40 gold pieces
 21947 | Orc:2    | Lost mutation: You tend to lose your temper in combat. [potion of mutation]
 21947 | Orc:2    | Gained mutation: You have a pair of horns on your head. [potion of mutation]
 21947 | Orc:2    | Gained mutation: You are somewhat resistant to further mutation. [potion of mutation]
 22002 | Orc:2    | Found Bemmycw's Gadget Boutique.
 22412 | Orc:1    | Noticed Snorg
 22423 | Orc:1    | Killed Snorg
 22502 | Orc:1    | Received a gift from Trog
 22723 | D:14     | Reached XP level 15. HP: 117/138 MP: 16/16
 23728 | D:14     | Reached skill level 15 in Fighting
 23774 | D:14     | Found a gate to the Vaults.
 23978 | D:15     | Entered Level 15 of the Dungeon
 23978 | D:15     | Noticed Kloppie's ghost (journeyman DrBe)
 23991 | D:15     | Killed Kloppie's ghost
 24413 | D:15     | Found a shimmering altar of Xom.
 24750 | D:15     | Found a glowing silver altar of Zin.
 24783 | D:15     | Reached skill level 1 in Stealth
 24784 | D:15     | Received a gift from Trog
 24932 | D:15     | Found a staircase to the Depths.
 25046 | D:15     | Noticed Roxanne
 25079 | D:15     | Reached skill level 5 in Stealth
 25663 | Spider:1 | Entered Level 1 of the Spider Nest
 26109 | Spider:1 | Reached XP level 16. HP: 149/151 MP: 17/17
 26941 | Spider:2 | Noticed Frances
 26950 | Spider:2 | Killed Frances
 27212 | Spider:2 | Received a gift from Trog
 27388 | Spider:2 | Reached skill level 19 in Axes
 29074 | Spider:3 | Received a gift from Trog
 29082 | Spider:3 | Reached skill level 20 in Axes
 29148 | Spider:3 | Noticed Asterion
 29159 | Spider:3 | Killed Asterion
 29345 | Spider:3 | Noticed Arachne
 29358 | Spider:3 | Killed Arachne
 29756 | Spider:4 | Entered Level 4 of the Spider Nest
 29995 | Spider:4 | Noticed Agnes
 30004 | Spider:3 | Killed Agnes
 30208 | Spider:4 | Noticed Bai Suzhen
 30564 | Spider:4 | Killed Bai Suzhen
 30564 | Spider:4 | Reached XP level 17. HP: 68/158 MP: 18/18
 30706 | Spider:3 | Reached skill level 21 in Axes
 31244 | Spider:3 | Received a gift from Trog
 31534 | Spider:4 | Noticed Nikola
 31692 | Spider:4 | Killed Nikola
 31801 | Spider:4 | Received a gift from Trog
 31809 | Spider:4 | Got a polished war axe {god gift}
 31810 | Spider:4 | Identified the +0 war axe "Zewe" {speed, rPois MR++ Str-5 Int+2} (Trog gifted it to you on level 4 of the Spider Nest)
 32084 | Spider:4 | HP: 6/237 [emperor scorpion (10)]
 32084 | Spider:4 | Slain by an emperor scorpion

Skill      XL: |  1  2  3  4  5  6  7  8  9 10 11 12 13 14 15 16 17 |
---------------+----------------------------------------------------+-----
Fighting       | 4 5 6 8 9 11 14 16 | 16.2
Axes           | 4 5 6 8 9 12 14 16 17 18 20 21 | 21.8
Shields        | 3 5 |  5.7
Dodging        | 9 11 | 11.8
Stealth        | 7 |  7.8

Action                   |  1- 3 |  4- 6 |  7- 9 | 10-12 | 13-15 | 16-18 || total
-------------------------+-------+-------+-------+-------+-------+-------++-------
Melee: Hand axe          |   161 |   115 |   414 |   204 |       |       ||   894
       Tailslap          |    20 |    22 |    74 |   138 |   241 |    80 ||   575
       Unarmed           |       |     4 |     3 |       |       |       ||     7
       Broad axe         |       |       |       |   629 |   705 |    14 ||  1348
       Kick              |       |       |       |       |   348 |   189 ||   537
       Headbutt          |       |       |       |       |   214 |   114 ||   328
       Battleaxe         |       |       |       |       |   276 |   383 ||   659
Invok: Berserk           |       |     3 |     9 |    11 |    13 |     7 ||    43
       Trog's Hand       |       |       |     2 |     3 |     5 |     3 ||    13
       Brothers in Arms  |       |       |       |       |     1 |     2 ||     3
 Abil: Breathe Frost     |       |       |       |     2 |     1 |       ||     3
Evoke: Wand              |       |     2 |       |       |       |     6 ||     8
  Use: Potion            |     6 |       |     3 |     4 |     5 |     3 ||    21
       Scroll            |       |       |     9 |    11 |    19 |     7 ||    46
 Stab: Sleeping          |       |       |       |     5 |    18 |     3 ||    26
       Distracted        |       |       |       |       |     5 |     9 ||    14
       Petrified         |       |       |       |       |    17 |       ||    17
       Petrifying        |       |       |       |       |     2 |       ||     2
  Eat: Chunk             |     2 |     6 |    15 |    30 |    39 |    21 ||   113
       Meat ration       |       |       |     1 |     2 |     2 |     1 ||     6
       Royal jelly       |       |       |       |       |     2 |       ||     2
       Bread ration      |       |       |       |       |     2 |       ||     2
Armor: Skin              |    38 |    19 |    94 |   200 |   123 |   139 ||   613
Dodge: Dodged            |   119 |    76 |   209 |   418 |   625 |   492 ||  1939
Block: Buckler           |       |       |    74 |   168 |   148 |       ||   390
       Other             |       |       |       |       |       |    24 ||    24
